 Dungeon Crawl Stone Soup version 0.28-a0-1412-gf95308ed99 (webtiles) character file.

Game seed: 16960834798860934522

3851 snetch the Protected (level 9, -1/120 HPs)
             Began as a Minotaur Berserker on Jan 6, 2022.
             Was a Priest of Trog.
             Slain by a bone dragon (14 damage)
             ... on level 1 of the Abyss on Jan 7, 2022.
             The game lasted 00:23:38 (9738 turns).

snetch the Protected (Minotaur Berserker)           Turns: 9738, Time: 00:23:39

Health: -1/120     AC: 18    Str: 26    XL:     9   Next: 99%
Magic:  8/8        EV:  9    Int: 10    God:    Trog [***...]
Gold:   300        SH:  0    Dex: 10    Spells: 8/8 levels left

rFire   . . .      SeeInvis .   B - +3 morningstar (flame)
rCold   . . .      Faith    .   p - orb {mayhem}
rNeg    . . .      Spirit   .   K - +0 plate armour
rPois   .          Reflect  .   w - +0 hat
rElec   .          Harm     .   M - +0 cloak
rCorr   .          Rampage  .   (no gloves)
Will    .....                   y - +0 pair of boots
Stlth   ..........              (no amulet)
HPRegen 0.30/turn               m - +6 ring of intelligence
MPRegen 0.11/turn               (no ring)

@: berserking, very quick
A: horns 2, retaliatory headbutt
a: Renounce Religion, Berserk, Trog's Hand


You were on level 1 of the Abyss.
You worshipped Trog.
Trog was most pleased with you.
You visited 2 branches of the dungeon, and saw 10 of its levels.
You visited the Abyss 1 time.

You collected 390 gold pieces.
You spent 90 gold pieces at shops.

Inventory:

Hand Weapons
 a - a +2 vorpal hand axe
 b - a +1 flail of holy wrath
 c - a +0 glaive
 d - the +4 long sword "Yfippadgh" {freeze, Int+3 Dex+5}
   (You found it on level 7 of the Dungeon)

   It freezes those it strikes, dealing additional cold damage.
   It can also slow down cold-blooded creatures.
   Int:       It affects your intelligence (+3).
   Dex:       It affects your dexterity (+5).
 B - a +3 morningstar of flaming (weapon)
 L - a +0 flail of protection
Missiles
 e - 98 arrows
 q - 12 boomerangs
 t - 242 stones
 x - 55 sling bullets
 z - 18 poisoned darts (quivered)
 J - 51 bolts
Armour
 p - an orb of mayhem (worn)
 w - a +0 hat (worn)
 y - a +0 pair of boots (worn)
 K - a +0 plate armour (worn)
 M - a +0 cloak (worn)
Jewellery
 m - a +6 ring of intelligence (left hand)
Wands
 A - a wand of flame (31)
 C - a wand of iceblast (9)
 D - a wand of paralysis (9)
Scrolls
 f - a scroll of acquirement {unknown}
 h - 2 scrolls of teleportation {unknown}
 j - 8 scrolls of identify {unknown}
 l - 2 scrolls of amnesia {unknown}
 n - 4 scrolls of vulnerability {unknown}
 o - a scroll of noise {unknown}
 u - 4 scrolls of enchant armour {unknown}
 E - a scroll of enchant weapon {unknown}
 I - a scroll of magic mapping {unknown}
Potions
 g - a potion of ambrosia {unknown}
 i - a potion of lignification {unknown}
 k - 4 potions of curing
 r - 4 potions of degeneration {unknown}
 s - 5 potions of heal wounds {unknown}
 v - 3 potions of mutation {unknown}
 F - a potion of might {unknown}
 G - a potion of brilliance {unknown}
 H - a potion of haste


   Skills:
 + Level 7.6 Fighting
 + Level 10.7(10.8) Axes
 + Level 2.2(7.1) Maces & Flails
 + Level 0.4 Throwing
 + Level 11.2 Armour
 + Level 4.1 Dodging
 + Level 1.4 Stealth


You had 8 spell levels left.
You didn't know any spells.
Your spell library contained the following spells:

 Spells                   Type           Power      Damage    Failure   Level
 Corpse Rot               Necr/Air       0%         N/A       99%         2
 Poisonous Vapours        Pois/Air       0%         N/A       99%         2
 Dazzling Flash           Conj/Hex       0%         N/A       100%        3
 Ozocubu's Armour         Ice            0%         N/A       100%        3
 Dispel Undead            Necr           0%         3d6       100%        4
 Summon Ice Beast         Ice/Summ       0%         N/A       100%        4
 Summon Lightning Spire   Summ/Air       0%         N/A       100%        4
 Agony                    Necr           0%         N/A       100%        5
 Metabolic Englaciation   Hex/Ice        0%         N/A       100%        5
 Silence                  Hex/Air        0%         N/A       100%        5
 Summon Forest            Summ/Tloc      0%         N/A       100%        5
 Summon Mana Viper        Hex/Summ       0%         N/A       100%        5
 Death Channel            Necr           0%         N/A       100%        6
 Eringya's Noxious Bog    Tmut/Pois      0%         N/A       100%        6
 Simulacrum               Ice/Necr       0%         N/A       100%        6
 Summon Cactus Giant      Summ           0%         N/A       100%        6
 Monstrous Menagerie      Summ           0%         N/A       100%        7
 Storm Form               Tmut/Air       0%         N/A       100%        7
 Summon Hydra             Summ           0%         N/A       100%        7
 Maxwell's Capacitive Co  Air            0%         ∞         100%        8


Dungeon Overview and Level Annotations

Branches:
Dungeon (9/15)             Temple (1/1) D:7
   Lair: D:8-11         Orc: D:9-12

Altars:
Ashenzari
Cheibriados
Dithmenos
Elyvilon
Fedhas
Gozag
Hepliaklqana
Kikubaaqudgha
Makhleb
Nemelex Xobeh
Okawaru
Qazlal
Ru
Sif Muna
Trog
Vehumet
Wu Jian
Xom
Yredelemnul
Zin
The Shining One

Shops:
D:1 (


Innate Abilities, Weirdness & Mutations

You have a pair of horns on your head.
You reflexively headbutt those who attack you in melee.


Message History

You hit the bone dragon. Your headbutt misses the bone dragon.
The bone dragon is lightly damaged.
You hit the bone dragon.
The bone dragon is lightly damaged.
The bone dragon bites you. The bone dragon completely misses you.
The bone dragon tramples you!
You stumble backwards!
You impale the bone dragon!!
The bone dragon is lightly damaged.
The bone dragon bites you!!
* * * LOW HITPOINT WARNING * * *
The bone dragon claws you.
* * * LOW HITPOINT WARNING * * *
The bone dragon tramples you but does no damage.
You puncture the bone dragon!
The bone dragon is moderately damaged.
The bone dragon bites you but does no damage.
The bone dragon claws you but does no damage.
The bone dragon tramples you.
* * * LOW HITPOINT WARNING * * *
You stumble backwards!
You hit the bone dragon but do no damage.
You headbutt the bone dragon, but do no damage.
The bone dragon is lightly damaged.
The bone dragon bites you but does no damage.
The bone dragon claws you but does no damage.
The bone dragon tramples you but does no damage.
You thump the bone dragon! You burn the bone dragon.
You headbutt the bone dragon, but do no damage.
The bone dragon is moderately damaged.
You hit the bone dragon. Your headbutt misses the bone dragon.
The bone dragon is moderately damaged.
The bone dragon bites you but does no damage.
The bone dragon claws you but does no damage.
The bone dragon barely misses you.
You barely miss the bone dragon.
The bone dragon is moderately damaged.
The bone dragon bites you!
* * * LOW HITPOINT WARNING * * *
The bone dragon claws you!
You die...

. #..##. ...#
..##.........# ##..
..... ... . ### ...
..........
#.#..##..#..........
.....#.##.... ....#
................. #
..##..D# .##.....#
#.@#...##... ..
#..#.... .. ...
#.##. .........
##..#.........#
#.#.#.........# #
............ .
.#.......... #
....#...##.....
##.#..#..# ...


You could see a bone dragon.

Vanquished Creatures
  A centaur warrior (D:9)
  The ghost of AverageBear the Chopper, a novice DDFi (D:4)
  A slime creature (D:8)
  A ynoxinul (Abyss:1)
  3 water moccasins
  A sky beast (D:5)
  An ice beast (D:6)
  A black bear (D:8)
  4 necrophages
  An ogre (D:6)
  3 orc warriors
  A bullfrog (D:7)
  A wyvern zombie (D:8)
  A kobold brigand (D:7)
  4 scorpions
  A water moccasin zombie (D:5)
  A water moccasin skeleton (D:2)
  A howler monkey (D:6)
  An orc priest (D:3)
  A gnoll shaman (D:9)
  2 bullfrog skeletons
  2 hounds (D:6)
  6 iguanas
  3 orc wizards
  A howler monkey zombie (D:8)
  3 gnolls (D:9)
  5 adders
  2 shadow imps
  A white imp (D:5)
  An adder skeleton (D:4)
  A worm (D:2)
  2 dart slugs
  16 orcs
  4 bats
  6 endoplasms
  3 giant cockroaches
  11 goblins
  4 hobgoblins
  7 jackals
  6 ball pythons
  3 frilled lizards (D:2)
  5 kobolds
  A quokka skeleton (D:4)
  2 rats
127 creatures vanquished.

Vanquished Creatures (collateral kills)
  A centaur (D:8)
  2 gnolls (D:9)
  A worm (D:2)
  6 kobolds (D:7)
10 creatures vanquished.

Vanquished Creatures (others)
  2 orc wizards (D:8)
  An orc (D:5)
  2 withered plants (D:4)
5 creatures vanquished.

Grand Total: 142 creatures vanquished

Notes
Turn   | Place    | Note
-------+----------+-------------------------------------------
     0 | D:1      | snetch the Minotaur Berserker began the quest for the Orb.
     0 | D:1      | Reached XP level 1. HP: 19/19 MP: 0/0
   161 | D:1      | Reached XP level 2. HP: 25/27 MP: 1/1
   768 | D:1      | Found Horchiq's Antique Weapon Emporium.
   849 | D:2      | Reached skill level 3 in Armour
   849 | D:2      | Reached XP level 3. HP: 24/34 MP: 2/2
   849 | D:2      | Reached XP level 4. HP: 30/41 MP: 3/3
  1434 | D:2      | Reached skill level 5 in Axes
  1709 | D:2      | Reached ** piety under Trog
  1744 | D:3      | Reached XP level 5. HP: 41/47 MP: 4/4
  2377 | D:2      | Found a faded altar of an unknown god.
  2465 | D:1      | Bought a glowing hand axe for 90 gold pieces
  3235 | D:4      | Found a runed translucent door.
  3237 | D:4      | Noticed AverageBear's ghost (novice DDFi)
  3249 | D:5      | Entered Level 5 of the Dungeon
  3445 | D:4      | Reached skill level 1 in Maces & Flails
  3445 | D:4      | Reached skill level 4 in Armour
  3445 | D:4      | Reached XP level 6. HP: 53/55 MP: 5/5
  3501 | D:4      | Reached skill level 5 in Fighting
  4418 | D:5      | Noticed a sky beast
  4436 | D:5      | Killed a sky beast
  4437 | D:5      | Reached skill level 5 in Armour
  4537 | D:5      | Reached XP level 7. HP: 60/61 MP: 6/6
  4670 | D:5      | Reached skill level 6 in Armour
  5011 | D:6      | Reached *** piety under Trog
  5271 | D:4      | Killed AverageBear's ghost
  5272 | D:4      | Reached skill level 7 in Armour
  5272 | D:4      | Reached XP level 8. HP: 70/70 MP: 7/7
  6004 | D:6      | Found a shadowy altar of Dithmenos.
  6022 | D:7      | Reached skill level 8 in Armour
  6441 | D:6      | Reached skill level 1 in Stealth
  6924 | D:6      | Reached skill level 9 in Armour
  7121 | D:7      | Identified the +4 long sword "Yfippadgh" {freeze, Int+3
                  | Dex+5}
  7417 | D:8      | Reached XP level 9. HP: 66/78 MP: 8/8
  7705 | D:7      | Found a staircase to the Ecumenical Temple.
  7721 | Temple   | Entered the Ecumenical Temple
  8694 | D:8      | Reached skill level 10 in Armour
  9015 | D:9      | Noticed a centaur warrior
  9018 | D:9      | HP: 2/79 [centaur warrior/arrow (14)]
  9362 | D:9      | Killed a centaur warrior
  9363 | D:9      | Reached skill level 10 in Axes
  9363 | D:9      | Reached skill level 11 in Armour
  9626 | D:8      | Cast into level 1 of the Abyss (gnoll sergeant)
  9723 | Abyss:1  | Noticed a bone dragon
  9738 | Abyss:1  | Slain by a bone dragon

Illustrated notes

Levels and vault maps discovered:
D:1:      scummos_arrival_simple_crosswalls, layout_loops_ring, serial_shops,
          shop, minmay_heptomino_o4
D:2:      layout_loops_corners, basic_ecumenical_altar, minmay_vboxes
D:3:      layout_loops_ring
D:4:      layout_basic, gammafunk_ghost_grave
D:5:      layout_loops_ring
D:6:      layout_basic, mainiacjoe_overflow_small_starburst
D:7:      layout_basic, minmay_temple_entry_offerings
D:8:      layout_basic, minmay_chambers_of_fives
D:9:      layout_stronghold, dpeg_oklobed_lair, minivault_1, billiards_dpeg
Temple:   mainiacjoe_temple_cubbyholes
Abyss:1:  base: D:4, gammafunk_corrupted_shrine, evilmike_abyss_exit_mutagenic

Skill      XL: |  1  2  3  4  5  6  7  8  9 |
---------------+----------------------------+-----
Fighting       | 4 5 6 7 |  7.6
Axes           | 4 5 6 7 8 10 | 10.7
Armour         | 3 4 5 7 9 11 | 11.2
Maces & Flails | 1 2 |  2.2
Dodging        | 3 4 |  4.1
Stealth        | 1 |  1.4
Throwing       | |  0.4

Action                   |  1- 3 |  4- 6 |  7- 9 || total
-------------------------+-------+-------+-------++-------
Melee: Hand axe          |    50 |   125 |   211 ||   386
       Headbutt          |     4 |    24 |    48 ||    76
       Punch             |     1 |     1 |       ||     2
       Flail             |       |    29 |       ||    29
       Morningstar       |       |       |    14 ||    14
Throw: Dart              |       |       |     3 ||     3
Invok: Berserk           |       |     1 |     6 ||     7
       Trog's Hand       |       |       |     2 ||     2
  Use: Potion            |       |       |     1 ||     1
 Stab: Distracted        |       |       |     1 ||     1
Armor: Animal skin       |     8 |       |       ||     8
       Chain mail        |    12 |    83 |    93 ||   188
       Ring mail         |     8 |       |       ||     8
       Plate armour      |       |       |    45 ||    45
Dodge: Dodged            |    26 |    67 |    97 ||   190

Table legend: (Time is in decaauts)
 A = Elapsed time spent in this place.
 B = Non-inter-level travel time spent in this place.
 C = Inter-level travel time spent in this place.
 D = Time resting spent in this place.
 E = Time spent auto-exploring this place.
 F = Levels seen in this place.
 G = Mean time per level.
                   A        B        C        D        E       F      G
               +--------+--------+--------+--------+--------+-----+--------+
         Total |   9815 |   9360 |    455 |    461 |   6900 |  11 |  892.3 |
       Dungeon |   9347 |   8944 |    403 |    461 |   6554 |   9 | 1038.6 |
        Temple |    356 |    304 |     52 |      0 |    303 |   1 |  356.0 |
         Abyss |    110 |    110 |      0 |      0 |     43 |   1 |  110.0 |
               +--------+--------+--------+--------+--------+-----+--------+

Top non-repeatable levels by time:
     D:6: 1575 daAuts
     D:4: 1376 daAuts
     D:1: 1297 daAuts
     D:2: 1199 daAuts
     D:7: 1178 daAuts
     D:5: 958 daAuts
     D:8: 954 daAuts
     D:3: 695 daAuts
  Temple: 356 daAuts
     D:9: 112 daAuts
 Abyss:1: 110 daAuts
